 Dungeon Sprint DCSS version 0.28-a0-476-g0f06bd746f (webtiles) character file.

Game seed: 9607699424699344335

436 dduke234 the Fighter (level 6, -4/63 HPs)
             Began as a Demigod Fighter on Sept 16, 2021.
             Succumbed to Sonja's poison
             ... in the Dungeon (Sprint I: "Red Sonja").
             The game lasted 00:01:28 (184 turns).

dduke234 the Fighter (Demigod Fighter)               Turns: 184, Time: 00:01:29

Health: -4/63      AC:  7    Str: 25    XL:     6   Next: 40%
Magic:  8/8        EV: 10    Int: 10    God:
Gold:   171        SH:  5    Dex: 13    Spells: 5/5 levels left

rFire   . . .      SeeInvis .   a - +0 long sword
rCold   . . .      Faith    .   c - +0 buckler
rNeg    . . .      Spirit   .   b - +0 scale mail
rPois   .          Reflect  .   (no helmet)
rElec   .          Harm     .   (no cloak)
rCorr   .          Rampage  .   (no gloves)
Will    .....      NoTele   +   (no boots)
Stlth   ..........              (no amulet)
HPRegen 0.20/turn               (no ring)
MPRegen 0.11/turn               (no ring)

@: lethally poisoned (-4 -> -34)
A: high mp 1, forlorn
a: no special abilities


You were in the Dungeon.
You visited 1 branch You collected 171 gold pieces.

Inventory:

Hand Weapons
 a - a +0 long sword (weapon)
Armour
 b - a +0 scale mail (worn)
 c - a +0 buckler (worn)
Wands
 d - a wand of digging (2)
Scrolls
 j - a scroll of blinking
Potions
 e - a potion of curing
 g - a potion of haste
 h - 2 potions of magic


   Skills:
 * Level 9.0 Fighting
 * Level 5.8 Long Blades
 + Level 6.4 Armour
 + Level 1.8 Dodging
 + Level 6.2 Shields


You had 5 spell levels left.
You didn't know any spells.
Your spell library was empty.

Dungeon Overview and Level Annotations

Branches:
Dungeon (1/1)

Shops:
D [

Annotations:
D Sonja


Innate Abilities, Weirdness & Mutations

Your attributes grow dramatically as you level up.
You have an increased reservoir of magic. (+10% MP)
You shall have no god before yourself.


Message History

You slash the yak!
You kill the yak!
Your Fighting skill increases to level 9!
Your Armour skill increases to level 6!
Your Shields skill increases to level 6!
You have reached level 6!
Your experience leads to a dramatic increase in your attributes!
Increase (S)trength, (I)ntelligence, or (D)exterity?
You feel stronger. x4
Found an opulent altar of Gozag.
There is an open door here.
You see here a yak corpse.
Found a sparkling altar of Nemelex Xobeh.
There is an entrance to Jitischo's Antique Armour Emporium here.
There is an open door here.
You see here a yak corpse.
You open the door.
Sonja, the Graceful Assassin comes into view.
She is wielding a +1 short sword of venom and quivering curare-tipped darts.
Sonja shouts!
Found 108 gold pieces.
Sonja mumbles some strange words.
Sonja blinks!
There is an open door here.
You closely miss Sonja.
Sonja shouts, "Hah!
Missed me again!"
Sonja hits you with a +1 short sword of venom.
* * * LOW HITPOINT WARNING * * *
Sonja completely misses you.
Sonja hits you with a +1 short sword of venom.
* * * LOW HITPOINT WARNING * * *
You are lethally poisoned!
You block Sonja's attack.
Sonja hits you with a +1 short sword of venom.
* * * LOW HITPOINT WARNING * * *
You are more poisoned.
Sonja hits you with a +1 short sword of venom.
* * * LOW HITPOINT WARNING * * *
You are more poisoned.
You barely miss Sonja.
You die...

#..').#..').#..+
#..#####'#####'#
#..####..# #.#
#..#__#### ##(#
#..#_____##+#_.+
#⌠⌠#_.∩...†..._#
####_..__##_.#+#
#_____###K#
####### #@#
+$.$+ #$.$#
##.## #+#


You could see Sonja.

Vanquished Creatures
  Sigmund (D)
  A yak (D)
  An ogre (D)
  A jelly (D)
  Ijyb (D)
5 creatures vanquished.

Notes
Turn   | Place    | Note
-------+----------+-------------------------------------------
     0 | D        | dduke234 the Demigod Fighter began the quest for the Orb.
     0 | D        | Reached XP level 1. HP: 18/18 MP: 3/3
     1 | D        | Noticed Ijyb
    12 | D        | Killed Ijyb
    13 | D        | Reached skill level 4 in Fighting
    13 | D        | Reached XP level 2. HP: 9/28 MP: 4/4
    47 | D        | Noticed an ogre
    54 | D        | Killed an ogre
    55 | D        | Reached skill level 6 in Fighting
    55 | D        | Reached skill level 1 in Dodging
    55 | D        | Reached XP level 3. HP: 10/37 MP: 5/5
    55 | D        | Reached XP level 4. HP: 12/44 MP: 6/6
    60 | D        | Noticed Sigmund
    65 | D        | Killed Sigmund
    66 | D        | Reached skill level 8 in Fighting
    66 | D        | Reached skill level 5 in Long Blades
    66 | D        | Reached skill level 5 in Armour
    66 | D        | Reached skill level 5 in Shields
    66 | D        | Reached XP level 5. HP: 53/53 MP: 7/7
   160 | D        | Found Jitischo's Antique Armour Emporium.
   160 | D        | Noticed a yak
   167 | D        | Killed a yak
   168 | D        | Reached skill level 9 in Fighting
   168 | D        | Reached XP level 6. HP: 10/63 MP: 8/8
   180 | D        | Noticed Sonja
   184 | D        | Succumbed to Sonja's poison

Illustrated notes

Levels and vault maps discovered:
D:        dungeon_sprint_1 [red_sonja_temple_1, red_sonja_temple_small_1]

Skill      XL: |  1  2  3  4  5 |
---------------+----------------+-----
Fighting       | 4 6 8 9 |  9.0
Long Blades    | 2 3 5 |  5.8
Armour         | 3 4 5 6 |  6.4
Shields        | 3 4 5 6 |  6.2
Dodging        | 1 |  1.8

Action                   |  1- 3 |  4- 6 || total
-------------------------+-------+-------++-------
Melee: Long sword        |    15 |    19 ||    34
  Use: Potion            |     1 |     2 ||     3
Armor: Scale mail        |     2 |     4 ||     6
Dodge: Dodged            |     6 |     7 ||    13
Block: Buckler           |     2 |     2 ||     4

Table legend: (Time is in decaauts)
 A = Elapsed time spent in this place.
 B = Non-inter-level travel time spent in this place.
 C = Inter-level travel time spent in this place.
 D = Time resting spent in this place.
 E = Time spent auto-exploring this place.
 F = Levels seen in this place.
 G = Mean time per level.
                   A        B        C        D        E       F      G
               +--------+--------+--------+--------+--------+-----+--------+
         Total |    199 |    199 |      0 |      0 |      1 |   1 |  199.0 |
       Dungeon |    199 |    199 |      0 |      0 |      1 |   1 |  199.0 |
               +--------+--------+--------+--------+--------+-----+--------+

Top non-repeatable levels by time:
       D: 199 daAuts
